 Dungeon Sprint DCSS version 0.28.0-43-g3370ac3207 (webtiles) character file.

Game seed: 11488453547378784435

23605 boopmooplesden the Minotaur Blade (level 12, -4/123 HPs)
             Began as a Minotaur Berserker on Mar 16, 2022.
             Was the Champion of Trog.
             Killed from afar by Lom Lobon (44 damage)
             ... with a great icy blast
             ... in the Dungeon (Sprint I: "Red Sonja").
             The game lasted 00:14:35 (4850 turns).

boopmooplesden the Minotaur Blade (MiBe)            Turns: 4850, Time: 00:14:35

Health: -4/123     AC: 27    Str: 25    XL:     12   Next: 73%
Magic:  0/11       EV:  9    Int:  4    God:    Trog [******]
Gold:   3036       SH:  5    Dex: 14    Spells: 11/11 levels left

rFire   + + +      SeeInvis .   u - +10 double sword "Balyug Orugu" {flame, rCorr Str+4}
rCold   + + +      Faith    .   (no shield)
rNeg    . . .      Spirit   .   n - +1 crystal plate armour
rPois   +          Reflect  +   p - +1 hat
rElec   +          Harm     .   w - scarf {rC+ rF+}
rCorr   +          Rampage  .   y - +0 pair of gloves
Will    .....      NoTele   +   (no boots)
Stlth   ..........              l - amulet of reflection
HPRegen 0.00/turn               b - ring of protection from fire
MPRegen 0.12/turn               x - +4 ring of protection

@: resistant, on berserk cooldown, flying (expiring), inhibited regen, slowed,
unable to read, very slow
A: horns 2, retaliatory headbutt, cold resistance 1, deformed body, frail 1,
inhibited regeneration, weak 1, subdued magic 1, inability to read while
threatened
a: Renounce Religion, Berserk, Trog's Hand, Brothers in Arms


You were in the Dungeon.
You worshipped Trog.
Trog was exalted by your worship.
You visited 1 branch You collected 4292 gold pieces.
You spent 1256 gold pieces at shops.

Inventory:

Hand Weapons
 a - a +0 falchion
 o - a +4 morningstar of holy wrath
 q - a +1 antimagic great sword
 r - a +3 long sword of flaming
 t - a +3 triple sword
 u - the +10 double sword "Balyug Orugu" (weapon) {flame, rCorr Str+4}
   (Trog gifted it to you in the Dungeon)

   It burns those it strikes, dealing additional fire damage.
   Big, fiery blades are also staple armaments of hydra-hunters.
   Str:       It affects your strength (+4).
   rCorr:     It protects you from acid and corrosion.
 z - a +2 demon blade of flaming
Armour
 k - a +0 plate armour
 n - a +1 crystal plate armour (worn)
 p - a +1 hat (worn)
 w - a scarf of resistance (worn)
 y - a +0 pair of gloves (worn)
 B - +0 gold dragon scales
Jewellery
 b - a ring of protection from fire (left hand)
 l - an amulet of reflection (around neck)
 s - an amulet of the acrobat
 x - a +4 ring of protection (right hand)
Wands
 i - a wand of iceblast (9)
 A - a wand of charming (14)
Scrolls
 h - 2 scrolls of blinking
 j - a scroll of identify
 m - a scroll of vulnerability
 D - a scroll of magic mapping
Potions
 c - 2 potions of curing
 d - a potion of heal wounds
 e - a potion of haste
 f - 2 potions of magic
 g - a potion of berserk rage
Miscellaneous
 C - a lightning rod (4/4)


   Skills:
 + Level 22.1 Fighting
 + Level 23.7 Long Blades
 + Level 19.1 Armour
 + Level 8.7 Dodging
 + Level 9.3 Shields


You had 11 spell levels left.
You didn't know any spells.
Your spell library was empty.

Dungeon Overview and Level Annotations

Branches:
Dungeon (1/1)

Altars:
Cheibriados
Dithmenos
Elyvilon
Fedhas
Gozag
Hepliaklqana
Kikubaaqudgha
Makhleb
Nemelex Xobeh
Okawaru
Qazlal
Ru
Sif Muna
Trog
Uskayaw
Vehumet
Wu Jian
Xom
Yredelemnul
Zin
The Shining One
Jiyva
Lugonu

Shops:
D =*:=[[[:[[?([:**(!:[(:

Annotations:
D exclusion: oklob plant, Lom Lobon, Tiamat


Innate Abilities, Weirdness & Mutations

You have a pair of horns on your head.
You reflexively headbutt those who attack you in melee.
Your flesh is cold resistant. (rC+)
Armour fits poorly on your strangely shaped body.
You are frail. (-10% HP)
You do not regenerate when monsters are visible.
You are weak. (Str -2)
Your spells are a little easier to cast, but a little less powerful.
You sometimes lose the ability to read scrolls when taking damage.


Message History

You miss Lom Lobon. Your headbutt misses Lom Lobon.
Lom Lobon is lightly wounded.
Lom Lobon closely misses you.
You slice Lom Lobon!! You burn Lom Lobon.
Lom Lobon is moderately wounded.
Lom Lobon hits you but does no damage.
You slice Lom Lobon!! You burn Lom Lobon.
Lom Lobon is moderately wounded.
Lom Lobon gestures.
Lom Lobon blinks!
Lom Lobon gestures at you.
Lom Lobon conjures a mighty blast of ice!
The great icy blast engulfs you!! You partially resist.
You feel threatened and lose the ability to read scrolls!
You are encased in ice.
You hear a shout!
You feel better.
You feel protected. The ice encasing you melts away.
You can read scrolls again.
Lom Lobon hits you but does no damage. Lom Lobon hits you!!
You feel threatened and lose the ability to read scrolls!
You feel your power leaking away.
You slice Lom Lobon!! You burn Lom Lobon.
Lom Lobon is moderately wounded.
The winds around Lom Lobon calm down.
Lom Lobon gestures.
Lom Lobon blinks!
Really walk into that cloud of freezing vapour?
You are engulfed in freezing vapours.
You resist.
Lom Lobon screams, "Thy liver shall be my refection!"
Lom Lobon gestures.
A freezing vortex appears around Lom Lobon!
You see here a +4 antimagic falchion.
The freezing vortex lifts you up.
You fly up into the air.
Lom Lobon completely misses you. You furiously retaliate!
You headbutt Lom Lobon, but do no damage.
Lom Lobon gestures at you.
Lom Lobon conjures a mighty blast of ice!
The great icy blast engulfs you!!! You partially resist.
You die...

##########################*******
[(#§§§.'...§§§§§&#..'§...#,,,,,,,
#'#§####.§.§.##§@§).#§§§§##,,,,,,
§.#§#)###.§§#######)#§§§..#####,,
§§§§#'#.###§#,![##).#....§#...#,,
'####...#y#.##$$$#..##§...#.∩.#,,
....#...###..###$#..≈###[##...#,,
....+..°..##.#A#$#..≈.[#)####§#,,
#.°.#.°°..#..###$#.)≈&##§#§§§§##,
#.°.###''##.##..$#.)≈##§§§....§##
#..###..###..#+###..≈#..§.......#


You could see Lom Lobon (vortex).

Vanquished Creatures
  A golden dragon (D)
  A shadow dragon (D)
  4 fire giants (D)
  A lorocyproca (D)
  A deep elf annihilator (D)
  A hydra (D)
  2 centaur warriors (D)
  Sonja (D)
  A deep troll (D)
  A lindwurm (D)
  8 shining eyes (D)
  An oklob plant (D)
  2 merfolk sirens (D)
  2 gargoyles (D)
  7 unseen horrors (D)
  4 demonic crawlers (D)
  2 kobold demonologists (D)
  A hellwing (D)
  2 hornets (D)
  A slime creature (D)
  Sigmund (D)
  13 hogs (D)
  A yak (D)
  2 redbacks (D)
  7 floating eyes (D)
  An ogre (D)
  7 necrophages (D)
  8 jellies (D)
  Ijyb (D)
85 creatures vanquished.

Vanquished Creatures (others)
  the Lernaean hydra (D)
  3 hornets (D)
  2 ballistomycete spores (D)
6 creatures vanquished.

Grand Total: 91 creatures vanquished

Notes
Turn   | Place    | Note
-------+----------+-------------------------------------------
     0 | D        | boopmooplesden the Minotaur Berserker began the quest for
                  | the Orb.
     0 | D        | Reached XP level 1. HP: 19/19 MP: 0/0
     1 | D        | Noticed Ijyb
     8 | D        | Killed Ijyb
     9 | D        | Reached skill level 5 in Fighting
     9 | D        | Reached skill level 5 in Long Blades
     9 | D        | Reached XP level 2. HP: 21/30 MP: 1/1
   153 | D        | Noticed an ogre
   157 | D        | Killed an ogre
   158 | D        | Reached skill level 7 in Long Blades
   158 | D        | Reached XP level 3. HP: 40/40 MP: 2/2
   158 | D        | Reached XP level 4. HP: 48/48 MP: 3/3
   185 | D        | Noticed Sigmund
   189 | D        | Killed Sigmund
   189 | D        | Reached ** piety under Trog
   190 | D        | Reached skill level 9 in Long Blades
   190 | D        | Reached skill level 5 in Armour
   190 | D        | Reached skill level 5 in Dodging
   190 | D        | Reached XP level 5. HP: 58/58 MP: 4/4
   190 | D        | Reached XP level 6. HP: 66/66 MP: 5/5
   232 | D        | Found a burning altar of Makhleb.
   232 | D        | Found a viscous altar of Jiyva.
   232 | D        | Found a shimmering altar of Xom.
   232 | D        | Found a corrupted altar of Lugonu.
   232 | D        | Noticed a slime creature
   239 | D        | Killed a slime creature
   240 | D        | Reached skill level 11 in Long Blades
   451 | D        | Noticed a kobold demonologist
   451 | D        | Noticed a floating eye
   452 | D        | Noticed a kobold demonologist
   454 | D        | Noticed a neqoxec
   455 | D        | Killed a floating eye
   456 | D        | Reached XP level 7. HP: 75/75 MP: 6/6
   458 | D        | Noticed a rust devil
   460 | D        | Noticed a sun demon
   460 | D        | Killed a kobold demonologist
   460 | D        | Reached *** piety under Trog
   461 | D        | Reached skill level 12 in Long Blades
   463 | D        | Killed a kobold demonologist
   464 | D        | Reached skill level 13 in Long Blades
   464 | D        | Reached XP level 8. HP: 86/86 MP: 7/7
   470 | D        | Found an ornate altar of the Wu Jian Council.
   470 | D        | Found a shimmering blue altar of Sif Muna.
   472 | D        | Found a radiant altar of Vehumet.
   519 | D        | Found Lauffob's Jewellery Emporium.
   519 | D        | Found an ancient bone altar of Kikubaaqudgha.
   519 | D        | Found a hazy altar of Hepliaklqana.
   519 | D        | Found a stormy altar of Qazlal.
   519 | D        | Found a hide-covered altar of Uskayaw.
   519 | D        | Found a blossoming altar of Fedhas.
   519 | D        | Found a bloodstained altar of Trog.
   519 | D        | Found an iron altar of Okawaru.
   519 | D        | Found a basalt altar of Yredelemnul.
   519 | D        | Found a glowing golden altar of the Shining One.
   519 | D        | Found a snail-covered altar of Cheibriados.
   519 | D        | Found a sacrificial altar of Ru.
   519 | D        | Found a glowing silver altar of Zin.
   519 | D        | Found a shadowy altar of Dithmenos.
   519 | D        | Found a white marble altar of Elyvilon.
   526 | D        | Found an opulent altar of Gozag.
   527 | D        | Found a sparkling altar of Nemelex Xobeh.
   531 | D        | Bought an amulet of reflection for 300 gold pieces
   546 | D        | Noticed a centaur warrior
   548 | D        | Noticed a centaur warrior
   566 | D        | Killed a centaur warrior
   566 | D        | Reached **** piety under Trog
   567 | D        | Reached skill level 14 in Long Blades
   567 | D        | Reached skill level 1 in Shields
   577 | D        | Killed a centaur warrior
   578 | D        | Reached skill level 15 in Fighting
   578 | D        | Reached skill level 15 in Long Blades
   578 | D        | Reached skill level 10 in Armour
   578 | D        | Reached XP level 9. HP: 32/99 MP: 8/8
   835 | D        | Noticed a deep troll
   841 | D        | Killed a deep troll
   853 | D        | Found Rare's Armour Emporium.
   958 | D        | Reached skill level 16 in Long Blades
  1101 | D        | Noticed an oklob plant
  1117 | D        | Killed an oklob plant
  1415 | D        | Killed an unseen horror
  1416 | D        | Reached XP level 10. HP: 111/111 MP: 9/9
  1417 | D        | Reached ***** piety under Trog
  1473 | D        | Reached skill level 5 in Shields
  1477 | D        | Reached skill level 17 in Long Blades
  1498 | D        | Reached ****** piety under Trog
  1521 | D        | Received a gift from Trog
  1556 | D        | Found Myguhuyn's Book Shoppe.
  1556 | D        | Found Adin's Armour Shop.
  1556 | D        | Found Dicot's Armour Boutique.
  1558 | D        | Found Saor Peo's Antique Armour Emporium.
  1558 | D        | Found Tuisoy Jeeq's Magic Scroll Shop.
  1558 | D        | Found Bigaseza's Antique Weapon Shoppe.
  1558 | D        | Found Cuallalu's Armour Boutique.
  1558 | D        | Found Novycka's Book Emporium.
  1558 | D        | Found Foegeydd's General Store.
  1558 | D        | Found Esojaomp's General Store.
  1561 | D        | Found Veunti Xusie's Weapon Boutique.
  1562 | D        | Found Zerghomoewk's Book Emporium.
  1562 | D        | Found Ydghisaw's Distillery.
  1563 | D        | Found Igess's Weapon Emporium.
  1574 | D        | Bought a +1 hat for 154 gold pieces
  1646 | D        | Noticed a gargoyle
  1655 | D        | Killed a gargoyle
  1659 | D        | Received a gift from Trog
  1692 | D        | Noticed a lindwurm
  1695 | D        | Killed a lindwurm
  1717 | D        | Reached skill level 18 in Long Blades
  1721 | D        | Reached XP level 11. HP: 84/121 MP: 3/10
  1725 | D        | Received a gift from Trog
  1742 | D        | Reached skill level 15 in Armour
  1922 | D        | Noticed a 12-headed hydra
  1923 | D        | Paralysed by a floating eye for 3 turns
  1928 | D        | Killed a nine-headed hydra
  1928 | D        | Received a gift from Trog
  2114 | D        | Noticed a deep elf annihilator
  2125 | D        | Reached skill level 19 in Long Blades
  2130 | D        | Paralysed by a hornet for 2 turns
  2229 | D        | Noticed Sonja
  2234 | D        | Killed Sonja
  2281 | D        | Found Vofost Nipt's Jewellery Boutique.
  2290 | D        | Noticed a shining eye
  2290 | D        | Noticed a shining eye
  2290 | D        | Noticed a shining eye
  2291 | D        | Noticed a shining eye
  2292 | D        | Received a gift from Trog
  2296 | D        | Killed a shining eye
  2297 | D        | Paralysed by a floating eye for 4 turns
  2305 | D        | Gained mutation: Armour fits poorly on your strangely
                  | shaped body. [a shining eye]
  2306 | D        | Killed a shining eye
  2307 | D        | Reached skill level 20 in Long Blades
  2307 | D        | Noticed a shining eye
  2309 | D        | Killed a shining eye
  2310 | D        | Noticed a shining eye
  2313 | D        | Killed a shining eye
  2313 | D        | Identified the +10 double sword "Balyug Orugu" {flame,
                  | rCorr Str+4} (Trog gifted it to you in the Dungeon)
  2313 | D        | Received a gift from Trog
  2316 | D        | Killed a shining eye
  2317 | D        | Noticed a shining eye
  2317 | D        | Noticed a shining eye
  2317 | D        | Paralysed by a floating eye for 4 turns
  2321 | D        | Gained mutation: You sometimes lose the ability to read
                  | scrolls when taking damage. [a shining eye]
  2324 | D        | Gained mutation: You are weak. (Str -2) [a shining eye]
  2325 | D        | Gained mutation: Your spells are a little easier to cast,
                  | but a little less powerful. [a shining eye]
  2326 | D        | Killed a shining eye
  2326 | D        | Gained mutation: Your flesh is cold resistant. (rC+) [a
                  | shining eye]
  2329 | D        | Killed a shining eye
  2330 | D        | Gained mutation: You do not regenerate when monsters are
                  | visible. [a shining eye]
  2335 | D        | Gained mutation: You are frail. (-10% HP) [a shining eye]
  2337 | D        | Killed a shining eye
  2338 | D        | Reached skill level 21 in Long Blades
  2352 | D        | Found Plog's General Store.
  2352 | D        | Found Lecu's Antique Armour Shop.
  2352 | D        | Found Zufifybi's Book Emporium.
  2352 | D        | Found Akeni's Antique Armour Boutique.
  2358 | D        | Bought a scroll of enchant armour for 75 gold pieces
  2369 | D        | Bought a glowing scarf for 144 gold pieces
  2485 | D        | Killed a lorocyproca
  2485 | D        | Received a gift from Trog
  3180 | D        | Bought a +4 ring of protection for 360 gold pieces
  3238 | D        | Bought a scroll of magic mapping for 35 gold pieces
  3317 | D        | Bought a potion of resistance for 130 gold pieces
  3323 | D        | Bought a +0 pair of gloves for 58 gold pieces
  3396 | D        | Noticed a daeva
  3402 | D        | Reached XP level 12. HP: 101/120 MP: 11/11
  3758 | D        | Noticed a fire giant
  3759 | D        | Noticed a fire giant
  3761 | D        | Noticed a fire giant
  3761 | D        | Noticed a fire giant
  3767 | D        | Killed a fire giant
  3768 | D        | Reached skill level 22 in Long Blades
  3771 | D        | Killed a fire giant
  3775 | D        | Killed a fire giant
  3775 | D        | Received a gift from Trog
  3778 | D        | Killed a fire giant
  3803 | D        | Found the +4 dragonskin cloak
  3803 | D        | Noticed Tiamat
  4126 | D        | Noticed the 27-headed Lernaean hydra
  4128 | D        | Killed the 27-headed Lernaean hydra
  4230 | D        | Noticed a shadow dragon
  4339 | D        | Noticed a golden dragon
  4351 | D        | Killed a shadow dragon
  4352 | D        | Reached skill level 23 in Long Blades
  4436 | D        | Killed a golden dragon
  4569 | D        | Found Atrem's Book Shoppe.
  4611 | D        | Noticed a mummy priest
  4618 | D        | Killed a deep elf annihilator
  4618 | D        | Received a gift from Trog
  4773 | D        | Noticed Lom Lobon
  4850 | D        | Killed from afar by Lom Lobon

Illustrated notes

Levels and vault maps discovered:
D:        dungeon_sprint_1 [red_sonja_temple_1, red_sonja_temple_small_1]

Skill      XL: |  1  2  3  4  5  6  7  8  9 10 11 12 |
---------------+-------------------------------------+-----
Fighting       | 5 7 9 11 13 15 17 18 20 22 | 22.1
Long Blades    | 5 7 9 11 13 15 16 18 21 23 | 23.7
Armour         | 3 4 5 7 8 10 11 14 17 19 | 19.1
Dodging        | 3 4 5 6 7 8 |  8.7
Shields        | 3 4 7 8 9 |  9.3

Action                   |  1- 3 |  4- 6 |  7- 9 | 10-12 || total
-------------------------+-------+-------+-------+-------++-------
Melee: Falchion          |     7 |    10 |    74 |    66 ||   157
       Headbutt          |     4 |       |    14 |    58 ||    76
       Punch             |       |       |     1 |     1 ||     2
       Great sword       |       |       |       |    47 ||    47
       Triple sword      |       |       |       |    27 ||    27
       Long sword        |       |       |       |    16 ||    16
       Double sword      |       |       |       |    53 ||    53
Invok: Berserk           |     2 |     3 |     6 |    11 ||    22
  Use: Scroll            |       |       |       |     4 ||     4
       Potion            |       |       |       |     2 ||     2
Armor: Ring mail         |       |     3 |     1 |       ||     4
       Plate armour      |       |       |    40 |    16 ||    56
       Crystal plate arm |       |       |       |    99 ||    99
Dodge: Dodged            |     2 |       |    20 |    52 ||    74
Block: Other             |       |       |    14 |    28 ||    42
